[ PARTIDA AOE2 · #470760508 ]
Team RMEtíopes vs Mongols
[ ANÁLISIS DE REPETICIÓN · EXTRAÍDO DE LA PARTIDA GRABADA ]
Feudal
10:45
Castillos
20:50
Imperial
44:08
| APM promedio | 22.0 |
| APM pico | 62 |
| eAPM promedio | 13.8 |
| Aldeanos / militares | 110 / 106 |
Foco
⚔️ 26.3% · 🌾 73.7%
Militia ×36 · Spearman ×29 · Shotel Warrior ×23 · Archer ×12 · Trebuchet (Packed) ×4 · Monk ×2
Feudal
9:58
Castillos
22:09
Imperial
38:20
| APM promedio | 36.3 |
| APM pico | 87 |
| eAPM promedio | 20.7 |
| Aldeanos / militares | 110 / 217 |
Foco
⚔️ 35.1% · 🌾 64.9%
Spearman ×178 · Skirmisher ×26 · Militia ×7 · Battering Ram ×3 · Trebuchet (Packed) ×3
Feudal
10:46
Castillos
28:01
Imperial
49:19
| APM promedio | 32.8 |
| APM pico | 72 |
| eAPM promedio | 16.7 |
| Aldeanos / militares | 194 / 144 |
Foco
⚔️ 35.2% · 🌾 64.8%
Camel Scout ×51 · Cavalry Archer ×49 · Skirmisher ×14 · Archer ×9 · Scout Cavalry ×7 · Monk ×5
Feudal
10:36
Castillos
22:54
Imperial
43:23
| APM promedio | 41.8 |
| APM pico | 80 |
| eAPM promedio | 21.9 |
| Aldeanos / militares | 135 / 146 |
Foco
⚔️ 42.0% · 🌾 58.0%
Archer ×44 · Spearman ×38 · Knight ×37 · Skirmisher ×12 · Militia ×11 · Trebuchet (Packed) ×4
Mapa de la partida
Recursos iniciales + cada clic de construcción. Líneas = muros · curvas = relieve. ◆ oro · ⬟ piedra · ● bayas · ✦ reliquia · ◌ hueco del cierre
Tu base· Abierta — hueco de 1t
Base de Danilonco· ✓ Cerrada en 22:09 · 46t muro · 1 puerta(s)
Base de Jello· Abierta — flanco sin cerrar
Base de Knight_Romero83· ✓ Cerrada en 22:54 · 60t muro · sin puerta
Terreno inicial suavizado · ◌ = hueco del cierre detectado · pasá el cursor para detalles
Inputs por minuto
— ReBeL_PuMa - - Danilonco
Build order — ReBeL_PuMa
Primeras 150 de 302 acciones detectadas
| 0:01 | Crear | Villager (Male) |
| 0:02 | Crear | Villager (Male) |
| 0:02 | Crear | Villager (Male) |
| 0:02 | Crear | Villager (Male) |
| 0:04 | Construir | House |
| 0:06 | Construir | House |
| 1:35 | Crear | Villager (Male) |
| 1:35 | Crear | Villager (Male) |
| 2:02 | Crear | Villager (Male) |
| 2:14 | Crear | Villager (Male) |
| 2:48 | Crear | Villager (Male) |
| 3:11 | Construir | Lumber Camp |
| 3:14 | Investigar | Loom |
| 3:18 | Crear | Villager (Male) |
| 4:03 | Crear | Villager (Male) |
| 4:03 | Crear | Villager (Male) |
| 4:19 | Construir | House |
| 4:22 | Construir | House |
| 4:42 | Construir | Mill |
| 5:00 | Crear | Villager (Male) |
| 5:40 | Crear | Villager (Male) |
| 5:41 | Crear | Villager (Male) |
| 5:41 | Crear | Villager (Male) |
| 5:41 | Crear | Villager (Male) |
| 6:10 | Construir | House |
| 6:54 | Crear | Villager (Male) |
| 7:30 | Crear | Villager (Male) |
| 7:33 | Crear | Villager (Male) |
| 7:49 | Construir | Mining Camp |
| 8:30 | Investigar | Feudal Age |
| 8:57 | Construir | Barracks |
| 9:05 | Construir | Farm |
| 10:37 | Crear | Villager (Male) |
| 10:45 | Edad | Edad Feudal |
| 10:50 | Construir | Archery Range |
| 10:55 | Construir | Archery Range |
| 11:05 | Construir | Blacksmith |
| 11:07 | Investigar | Double-Bit Axe |
| 11:09 | Crear | Villager (Male) |
| 11:24 | Crear | Spearman |
| 11:24 | Crear | Spearman |
| 11:37 | Construir | House |
| 11:46 | Crear | Archer |
| 11:46 | Crear | Archer |
| 11:51 | Crear | Archer |
| 11:54 | Crear | Archer |
| 11:55 | Crear | Archer |
| 11:55 | Crear | Archer |
| 12:04 | Construir | Palisade Gate |
| 12:17 | Construir | Palisade Wall |
| 12:21 | Crear | Spearman |
| 12:26 | Construir | Palisade Wall |
| 12:42 | Crear | Archer |
| 12:43 | Crear | Archer |
| 12:44 | Investigar | Fletching |
| 12:55 | Construir | Palisade Wall |
| 13:01 | Construir | Palisade Wall |
| 13:42 | Construir | Farm |
| 13:43 | Construir | Farm |
| 13:43 | Construir | Farm |
| 13:43 | Construir | Farm |
| 14:16 | Construir | Farm |
| 14:21 | Construir | Palisade Wall |
| 14:27 | Construir | Palisade Wall |
| 15:34 | Crear | Spearman |
| 15:43 | Construir | House |
| 18:01 | Construir | Farm |
| 18:10 | Investigar | Castle Age |
| 19:10 | Construir | Mining Camp |
| 20:50 | Edad | Edad de los Castillos |
| 21:56 | Crear | Villager (Male) |
| 21:57 | Crear | Villager (Male) |
| 21:57 | Crear | Villager (Male) |
| 21:57 | Crear | Villager (Male) |
| 22:04 | Construir | House |
| 22:14 | Construir | Town Center |
| 22:19 | Crear | Villager (Male) |
| 22:19 | Crear | Villager (Male) |
| 22:26 | Investigar | Stone Mining |
| 22:27 | Investigar | Bow Saw |
| 22:36 | Investigar | Town Watch |
| 22:36 | Crear | Villager (Male) |
| 22:36 | Crear | Villager (Male) |
| 23:03 | Construir | Monastery |
| 23:26 | Construir | House |
| 23:50 | Construir | Barracks |
| 24:08 | Crear | Villager (Male) |
| 24:08 | Crear | Villager (Male) |
| 24:09 | Crear | Villager (Male) |
| 24:09 | Crear | Villager (Male) |
| 24:19 | Construir | Palisade Wall |
| 24:32 | Construir | House |
| 24:38 | Construir | House |
| 25:00 | Crear | Archer |
| 25:00 | Crear | Archer |
| 25:03 | Crear | Archer |
| 25:20 | Construir | University |
| 26:14 | Construir | Palisade Wall |
| 26:33 | Construir | Farm |
| 26:34 | Construir | Farm |
| 26:39 | Crear | Monk |
| 27:03 | Crear | Villager (Male) |
| 27:04 | Crear | Villager (Male) |
| 27:04 | Crear | Villager (Male) |
| 27:04 | Crear | Villager (Male) |
| 27:04 | Crear | Villager (Male) |
| 27:05 | Crear | Villager (Male) |
| 27:05 | Crear | Villager (Male) |
| 27:05 | Crear | Villager (Male) |
| 27:23 | Investigar | Man-at-Arms (upgrade) |
| 27:25 | Investigar | Scale Mail Armor |
| 27:30 | Crear | Militia |
| 27:31 | Crear | Militia |
| 27:46 | Crear | Archer |
| 28:03 | Investigar | Gold Mining |
| 29:01 | Investigar | Bodkin Arrow |
| 29:17 | Construir | Castle |
| 29:22 | Crear | Monk |
| 29:35 | Construir | House |
| 29:37 | Construir | House |
| 30:06 | Crear | Villager (Male) |
| 30:06 | Crear | Villager (Male) |
| 30:06 | Crear | Villager (Male) |
| 30:30 | Crear | Villager (Male) |
| 30:30 | Crear | Villager (Male) |
| 30:30 | Crear | Villager (Male) |
| 30:38 | Construir | Farm |
| 30:38 | Construir | Farm |
| 30:38 | Construir | Farm |
| 30:38 | Construir | Farm |
| 31:18 | Crear | Villager (Male) |
| 31:18 | Crear | Villager (Male) |
| 31:47 | Construir | Castle |
| 32:00 | Construir | Lumber Camp |
| 32:31 | Crear | Villager (Male) |
| 32:31 | Crear | Villager (Male) |
| 32:32 | Crear | Villager (Male) |
| 32:32 | Crear | Villager (Male) |
| 32:32 | Crear | Villager (Male) |
| 32:32 | Crear | Villager (Male) |
| 32:43 | Construir | Farm |
| 32:44 | Construir | Farm |
| 32:46 | Construir | Farm |
| 32:46 | Construir | Farm |
| 32:47 | Construir | Farm |
| 32:49 | Construir | Farm |
| 32:52 | Construir | Farm |
| 33:01 | Construir | House |
| 34:04 | Construir | Town Center |
| 34:15 | Construir | House |
Build order — Danilonco
Primeras 150 de 413 acciones detectadas
| 0:01 | Crear | Villager (Male) |
| 0:01 | Crear | Villager (Male) |
| 0:01 | Crear | Villager (Male) |
| 0:02 | Construir | House |
| 0:04 | Construir | House |
| 0:16 | Crear | Villager (Male) |
| 0:16 | Crear | Villager (Male) |
| 0:27 | Investigar | Loom |
| 1:24 | Crear | Villager (Male) |
| 1:25 | Crear | Villager (Male) |
| 1:47 | Construir | House |
| 2:08 | Crear | Villager (Male) |
| 2:08 | Crear | Villager (Male) |
| 2:26 | Construir | Lumber Camp |
| 2:35 | Crear | Villager (Male) |
| 2:35 | Crear | Villager (Male) |
| 2:56 | Crear | Villager (Male) |
| 2:57 | Crear | Villager (Male) |
| 3:13 | Crear | Villager (Male) |
| 3:14 | Crear | Villager (Male) |
| 3:40 | Crear | Villager (Male) |
| 3:40 | Crear | Villager (Male) |
| 3:53 | Crear | Villager (Male) |
| 3:53 | Crear | Villager (Male) |
| 4:41 | Crear | Villager (Male) |
| 4:52 | Construir | House |
| 4:59 | Construir | Palisade Wall |
| 5:02 | Crear | Villager (Male) |
| 5:43 | Crear | Villager (Male) |
| 5:45 | Crear | Villager (Male) |
| 5:54 | Construir | Mill |
| 6:04 | Crear | Villager (Male) |
| 6:41 | Crear | Villager (Male) |
| 7:21 | Crear | Villager (Male) |
| 7:36 | Construir | House |
| 7:43 | Investigar | Feudal Age |
| 9:05 | Construir | Barracks |
| 9:13 | Construir | House |
| 9:17 | Construir | Palisade Wall |
| 9:36 | Crear | Villager (Male) |
| 9:36 | Crear | Villager (Male) |
| 9:58 | Edad | Edad Feudal |
| 10:00 | Crear | Villager (Male) |
| 10:00 | Crear | Villager (Male) |
| 10:40 | Construir | House |
| 10:47 | Construir | Palisade Wall |
| 10:52 | Construir | House |
| 10:59 | Construir | Palisade Wall |
| 11:04 | Crear | Spearman |
| 11:04 | Crear | Spearman |
| 11:15 | Construir | Palisade Wall |
| 11:21 | Crear | Villager (Male) |
| 11:41 | Crear | Villager (Male) |
| 11:46 | Construir | Mining Camp |
| 12:14 | Crear | Villager (Male) |
| 12:38 | Construir | Market |
| 12:50 | Crear | Villager (Male) |
| 13:39 | Investigar | Double-Bit Axe |
| 13:41 | Construir | Farm |
| 13:43 | Construir | Farm |
| 13:45 | Construir | Farm |
| 13:58 | Construir | Archery Range |
| 14:19 | Construir | Farm |
| 14:22 | Construir | Farm |
| 14:35 | Construir | Farm |
| 14:46 | Construir | Watch Tower |
| 15:07 | Construir | House |
| 15:31 | Construir | Watch Tower |
| 15:35 | Construir | House |
| 15:37 | Construir | House |
| 15:53 | Construir | Farm |
| 15:54 | Construir | Farm |
| 15:55 | Construir | Farm |
| 15:56 | Crear | Skirmisher |
| 15:57 | Crear | Skirmisher |
| 16:08 | Construir | House |
| 16:12 | Construir | House |
| 16:23 | Construir | Farm |
| 16:31 | Construir | Farm |
| 16:32 | Crear | Villager (Male) |
| 16:33 | Crear | Villager (Male) |
| 16:44 | Crear | Skirmisher |
| 16:44 | Crear | Skirmisher |
| 17:08 | Construir | House |
| 17:19 | Construir | Watch Tower |
| 17:34 | Construir | Palisade Wall |
| 17:49 | Crear | Villager (Male) |
| 17:50 | Crear | Villager (Male) |
| 18:08 | Construir | Farm |
| 18:08 | Construir | Farm |
| 18:11 | Crear | Villager (Male) |
| 18:12 | Crear | Villager (Male) |
| 18:29 | Construir | House |
| 18:39 | Construir | House |
| 18:45 | Crear | Villager (Male) |
| 18:53 | Construir | Farm |
| 18:55 | Construir | Farm |
| 19:21 | Construir | Blacksmith |
| 19:26 | Investigar | Castle Age |
| 20:10 | Construir | Mining Camp |
| 20:41 | Construir | Palisade Gate |
| 20:46 | Crear | Skirmisher |
| 20:47 | Crear | Skirmisher |
| 20:47 | Crear | Skirmisher |
| 20:52 | Investigar | Man-at-Arms (upgrade) |
| 20:53 | Crear | Militia |
| 20:54 | Crear | Militia |
| 21:00 | Investigar | Stone Mining |
| 21:05 | Investigar | Horse Collar |
| 21:39 | Construir | Archery Range |
| 21:41 | Construir | Farm |
| 21:47 | Investigar | Gold Mining |
| 21:54 | Crear | Villager (Male) |
| 22:04 | Crear | Skirmisher |
| 22:09 | Edad | Edad de los Castillos |
| 22:23 | Crear | Villager (Male) |
| 22:23 | Crear | Villager (Male) |
| 22:37 | Crear | Villager (Male) |
| 22:48 | Crear | Militia |
| 22:48 | Crear | Militia |
| 22:52 | Crear | Skirmisher |
| 22:52 | Crear | Skirmisher |
| 22:56 | Investigar | Elite Skirmisher (upgrade) |
| 23:04 | Crear | Villager (Male) |
| 23:07 | Construir | Farm |
| 23:38 | Crear | Villager (Male) |
| 23:45 | Construir | Lumber Camp |
| 23:49 | Crear | Villager (Male) |
| 24:20 | Crear | Villager (Male) |
| 24:20 | Crear | Villager (Male) |
| 25:08 | Crear | Villager (Male) |
| 25:08 | Crear | Villager (Male) |
| 25:22 | Crear | Villager (Male) |
| 25:24 | Construir | Farm |
| 25:27 | Crear | Villager (Male) |
| 25:28 | Crear | Villager (Male) |
| 25:57 | Investigar | Bow Saw |
| 26:02 | Construir | University |
| 26:36 | Crear | Villager (Male) |
| 26:45 | Construir | Lumber Camp |
| 26:48 | Crear | Villager (Male) |
| 27:46 | Crear | Militia |
| 27:46 | Crear | Militia |
| 27:47 | Crear | Militia |
| 27:55 | Crear | Skirmisher |
| 27:56 | Crear | Skirmisher |
| 27:56 | Crear | Skirmisher |
| 27:57 | Crear | Villager (Male) |
| 28:03 | Construir | Town Center |
| 28:15 | Investigar | Ballistics |
Build order — Jello
Primeras 150 de 494 acciones detectadas
| 0:02 | Crear | Villager (Male) |
| 0:02 | Crear | Villager (Male) |
| 0:02 | Crear | Villager (Male) |
| 0:04 | Construir | House |
| 0:05 | Construir | House |
| 0:07 | Crear | Villager (Male) |
| 0:08 | Crear | Villager (Male) |
| 1:32 | Crear | Villager (Male) |
| 1:32 | Crear | Villager (Male) |
| 2:05 | Crear | Villager (Male) |
| 2:06 | Crear | Villager (Male) |
| 2:30 | Crear | Villager (Male) |
| 2:31 | Crear | Villager (Male) |
| 2:31 | Crear | Villager (Male) |
| 3:00 | Crear | Villager (Male) |
| 3:01 | Crear | Villager (Male) |
| 3:01 | Crear | Villager (Male) |
| 3:17 | Crear | Villager (Male) |
| 3:18 | Crear | Villager (Male) |
| 3:52 | Construir | Lumber Camp |
| 3:56 | Construir | House |
| 4:16 | Crear | Villager (Male) |
| 4:17 | Crear | Villager (Male) |
| 4:17 | Crear | Villager (Male) |
| 4:34 | Crear | Villager (Male) |
| 4:34 | Crear | Villager (Male) |
| 4:34 | Crear | Villager (Male) |
| 5:09 | Construir | House |
| 5:12 | Crear | Villager (Male) |
| 5:12 | Crear | Villager (Male) |
| 5:44 | Crear | Villager (Male) |
| 5:45 | Crear | Villager (Male) |
| 5:53 | Construir | House |
| 6:13 | Construir | Mill |
| 8:24 | Construir | Barracks |
| 8:34 | Construir | Mining Camp |
| 8:36 | Investigar | Feudal Age |
| 8:51 | Crear | Villager (Male) |
| 8:52 | Crear | Villager (Male) |
| 9:25 | Construir | House |
| 10:04 | Construir | Palisade Wall |
| 10:19 | Crear | Villager (Male) |
| 10:19 | Crear | Villager (Male) |
| 10:46 | Edad | Edad Feudal |
| 10:50 | Construir | Stable |
| 11:01 | Crear | Spearman |
| 11:01 | Crear | Spearman |
| 11:08 | Crear | Villager (Male) |
| 11:11 | Investigar | Wheelbarrow |
| 11:11 | Crear | Villager (Male) |
| 11:21 | Crear | Villager (Male) |
| 11:39 | Construir | Farm |
| 11:55 | Investigar | Loom |
| 12:18 | Construir | Market |
| 12:34 | Crear | Villager (Male) |
| 12:35 | Crear | Villager (Male) |
| 12:50 | Construir | Lumber Camp |
| 13:04 | Crear | Villager (Male) |
| 13:05 | Crear | Villager (Male) |
| 13:41 | Construir | Archery Range |
| 13:46 | Crear | Villager (Male) |
| 13:46 | Crear | Villager (Male) |
| 14:16 | Crear | Archer |
| 14:17 | Crear | Archer |
| 14:17 | Crear | Archer |
| 14:40 | Crear | Villager (Male) |
| 14:40 | Crear | Villager (Male) |
| 14:56 | Construir | Archery Range |
| 15:05 | Construir | Farm |
| 15:26 | Construir | House |
| 15:38 | Construir | House |
| 15:44 | Crear | Villager (Male) |
| 15:44 | Crear | Villager (Male) |
| 16:10 | Construir | Palisade Wall |
| 16:26 | Construir | Farm |
| 16:27 | Construir | Farm |
| 16:27 | Construir | Farm |
| 16:28 | Construir | Farm |
| 16:35 | Construir | Farm |
| 16:35 | Construir | Farm |
| 16:43 | Construir | Farm |
| 17:01 | Construir | Blacksmith |
| 17:11 | Crear | Archer |
| 17:11 | Crear | Archer |
| 17:38 | Construir | Lumber Camp |
| 17:40 | Crear | Villager (Male) |
| 17:40 | Crear | Villager (Male) |
| 17:46 | Construir | Farm |
| 17:49 | Construir | Farm |
| 17:55 | Crear | Villager (Male) |
| 17:55 | Crear | Villager (Male) |
| 18:00 | Construir | Farm |
| 18:19 | Investigar | Double-Bit Axe |
| 18:28 | Construir | Stable |
| 18:40 | Crear | Skirmisher |
| 18:40 | Crear | Skirmisher |
| 18:40 | Crear | Skirmisher |
| 18:58 | Crear | Skirmisher |
| 18:58 | Crear | Skirmisher |
| 18:59 | Crear | Skirmisher |
| 19:03 | Construir | Farm |
| 19:16 | Crear | Skirmisher |
| 19:16 | Crear | Skirmisher |
| 19:37 | Construir | House |
| 19:39 | Construir | House |
| 19:40 | Construir | House |
| 19:51 | Crear | Scout Cavalry |
| 19:52 | Crear | Scout Cavalry |
| 19:59 | Crear | Villager (Male) |
| 19:59 | Crear | Villager (Male) |
| 20:05 | Construir | Farm |
| 20:05 | Construir | Farm |
| 20:06 | Construir | Farm |
| 20:13 | Crear | Skirmisher |
| 20:13 | Crear | Archer |
| 20:14 | Crear | Skirmisher |
| 20:14 | Crear | Archer |
| 21:15 | Crear | Scout Cavalry |
| 21:15 | Crear | Scout Cavalry |
| 21:36 | Crear | Villager (Male) |
| 21:36 | Crear | Villager (Male) |
| 21:38 | Crear | Villager (Male) |
| 21:38 | Crear | Villager (Male) |
| 21:38 | Crear | Villager (Male) |
| 21:48 | Construir | Lumber Camp |
| 21:50 | Crear | Scout Cavalry |
| 21:50 | Crear | Scout Cavalry |
| 22:10 | Crear | Skirmisher |
| 22:10 | Crear | Archer |
| 22:11 | Crear | Skirmisher |
| 22:11 | Crear | Archer |
| 22:14 | Crear | Villager (Male) |
| 22:14 | Crear | Villager (Male) |
| 22:15 | Crear | Villager (Male) |
| 22:28 | Crear | Skirmisher |
| 22:28 | Crear | Skirmisher |
| 22:44 | Construir | Farm |
| 22:52 | Crear | Villager (Male) |
| 22:52 | Crear | Villager (Male) |
| 22:52 | Crear | Villager (Male) |
| 23:09 | Construir | Palisade Gate |
| 23:15 | Crear | Villager (Male) |
| 23:15 | Crear | Villager (Male) |
| 23:23 | Construir | Farm |
| 23:32 | Construir | Farm |
| 23:43 | Crear | Villager (Male) |
| 23:43 | Crear | Villager (Male) |
| 23:47 | Crear | Villager (Male) |
| 23:48 | Crear | Villager (Male) |
| 23:51 | Construir | Farm |
Build order — Knight_Romero83
Primeras 150 de 479 acciones detectadas
| 0:01 | Crear | Villager (Male) |
| 0:02 | Crear | Villager (Male) |
| 0:02 | Crear | Villager (Male) |
| 0:04 | Construir | House |
| 0:05 | Construir | House |
| 0:16 | Crear | Villager (Male) |
| 0:16 | Crear | Villager (Male) |
| 1:33 | Crear | Villager (Male) |
| 1:34 | Crear | Villager (Male) |
| 1:56 | Construir | Lumber Camp |
| 2:16 | Crear | Villager (Male) |
| 2:39 | Crear | Villager (Male) |
| 2:39 | Crear | Villager (Male) |
| 3:01 | Crear | Villager (Male) |
| 3:01 | Crear | Villager (Male) |
| 3:13 | Construir | House |
| 3:14 | Construir | House |
| 3:45 | Crear | Villager (Male) |
| 3:45 | Crear | Villager (Male) |
| 3:46 | Crear | Villager (Male) |
| 4:22 | Crear | Villager (Male) |
| 4:22 | Crear | Villager (Male) |
| 4:50 | Investigar | Loom |
| 5:32 | Crear | Villager (Male) |
| 5:32 | Crear | Villager (Male) |
| 7:03 | Construir | Barracks |
| 7:08 | Crear | Villager (Male) |
| 7:09 | Crear | Villager (Male) |
| 7:33 | Construir | House |
| 7:36 | Construir | Palisade Wall |
| 7:37 | Construir | Palisade Wall |
| 7:42 | Crear | Villager (Male) |
| 7:56 | Construir | Mining Camp |
| 8:01 | Crear | Villager (Male) |
| 8:12 | Crear | Militia |
| 8:12 | Crear | Militia |
| 8:12 | Crear | Militia |
| 8:26 | Investigar | Feudal Age |
| 8:26 | Investigar | Feudal Age |
| 8:44 | Crear | Militia |
| 8:44 | Crear | Militia |
| 8:53 | Construir | Mill |
| 9:15 | Construir | Palisade Wall |
| 9:18 | Crear | Militia |
| 9:18 | Crear | Militia |
| 9:18 | Crear | Militia |
| 9:19 | Crear | Militia |
| 10:05 | Crear | Militia |
| 10:05 | Crear | Militia |
| 10:16 | Construir | House |
| 10:18 | Construir | Palisade Wall |
| 10:33 | Construir | Palisade Wall |
| 10:36 | Crear | Villager (Male) |
| 10:36 | Crear | Villager (Male) |
| 10:36 | Edad | Edad Feudal |
| 10:36 | Crear | Villager (Male) |
| 11:14 | Investigar | Man-at-Arms (upgrade) |
| 11:14 | Investigar | Man-at-Arms (upgrade) |
| 11:21 | Construir | Farm |
| 11:23 | Construir | Farm |
| 11:24 | Crear | Villager (Male) |
| 12:17 | Crear | Villager (Male) |
| 12:17 | Crear | Villager (Male) |
| 12:19 | Construir | Farm |
| 12:23 | Construir | Palisade Wall |
| 12:25 | Construir | Palisade Wall |
| 12:51 | Construir | Farm |
| 12:53 | Construir | Farm |
| 12:55 | Construir | Farm |
| 12:56 | Construir | Farm |
| 12:57 | Crear | Villager (Male) |
| 12:57 | Crear | Villager (Male) |
| 12:58 | Crear | Villager (Male) |
| 13:14 | Investigar | Arson |
| 13:36 | Construir | Palisade Wall |
| 13:43 | Construir | Farm |
| 13:48 | Crear | Villager (Male) |
| 13:49 | Crear | Villager (Male) |
| 13:49 | Crear | Villager (Male) |
| 13:49 | Crear | Villager (Male) |
| 14:29 | Construir | Palisade Wall |
| 14:53 | Construir | Farm |
| 15:36 | Construir | Farm |
| 15:43 | Construir | House |
| 15:44 | Construir | House |
| 15:52 | Crear | Villager (Male) |
| 15:52 | Crear | Villager (Male) |
| 15:52 | Crear | Villager (Male) |
| 16:18 | Construir | Lumber Camp |
| 17:25 | Construir | Farm |
| 17:28 | Construir | Farm |
| 17:30 | Construir | Farm |
| 17:34 | Crear | Villager (Male) |
| 17:34 | Crear | Villager (Male) |
| 17:57 | Construir | Farm |
| 18:06 | Construir | House |
| 18:10 | Construir | House |
| 18:13 | Construir | House |
| 18:20 | Construir | Farm |
| 18:59 | Construir | Stable |
| 19:02 | Construir | Archery Range |
| 19:05 | Crear | Villager (Male) |
| 19:05 | Crear | Villager (Male) |
| 19:15 | Investigar | Double-Bit Axe |
| 19:18 | Investigar | Horse Collar |
| 20:14 | Investigar | Castle Age |
| 20:17 | Investigar | Heavy Plow |
| 21:22 | Crear | Villager (Male) |
| 21:22 | Crear | Villager (Male) |
| 21:31 | Construir | Stable |
| 22:47 | Construir | Blacksmith |
| 22:54 | Edad | Edad de los Castillos |
| 22:56 | Crear | Villager (Male) |
| 22:56 | Crear | Villager (Male) |
| 23:02 | Construir | Town Center |
| 23:09 | Construir | Town Center |
| 23:13 | Crear | Villager (Male) |
| 23:13 | Crear | Villager (Male) |
| 23:16 | Investigar | Cavalier (upgrade) |
| 23:17 | Investigar | Husbandry |
| 23:17 | Crear | Knight |
| 23:44 | Investigar | Scale Barding Armor |
| 23:46 | Investigar | Forging |
| 23:56 | Construir | Farm |
| 23:58 | Construir | Farm |
| 23:59 | Construir | Farm |
| 24:09 | Construir | Farm |
| 24:14 | Construir | Farm |
| 24:16 | Construir | Farm |
| 24:17 | Construir | Farm |
| 24:19 | Crear | Villager (Male) |
| 24:20 | Crear | Villager (Male) |
| 24:20 | Crear | Villager (Male) |
| 24:21 | Investigar | Gold Mining |
| 24:24 | Crear | Knight |
| 24:24 | Crear | Knight |
| 24:42 | Crear | Knight |
| 24:42 | Crear | Knight |
| 24:45 | Investigar | Wheelbarrow |
| 24:54 | Crear | Villager (Male) |
| 24:54 | Crear | Villager (Male) |
| 24:57 | Crear | Villager (Male) |
| 24:57 | Crear | Villager (Male) |
| 25:13 | Crear | Knight |
| 25:13 | Crear | Knight |
| 25:18 | Crear | Knight |
| 25:18 | Crear | Knight |
| 25:24 | Crear | Villager (Male) |
| 25:59 | Crear | Knight |
| 25:59 | Crear | Knight |
Cronología de la partida
| 4:59 | Danilonco · wall_segment Palisade Wall x5 |
| 7:03 | Knight_Romero83 · first_building Barracks |
| 7:36 | Knight_Romero83 · wall_segment Palisade Wall x1 |
| 7:37 | Knight_Romero83 · wall_segment Palisade Wall x1 |
| 8:24 | Jello · first_building Barracks |
| 8:57 | ReBeL_PuMa · first_building Barracks |
| 9:05 | Danilonco · first_building Barracks |
| 9:15 | Knight_Romero83 · wall_segment Palisade Wall x1 |
| 9:17 | Danilonco · wall_segment Palisade Wall x1 |
| 9:58 | Danilonco · age_up feudal |
| 10:04 | Jello · wall_segment Palisade Wall x11 |
| 10:18 | Knight_Romero83 · wall_segment Palisade Wall x6 |
| 10:33 | Knight_Romero83 · wall_segment Palisade Wall x12 |
| 10:36 | Knight_Romero83 · age_up feudal |
| 10:45 | ReBeL_PuMa · age_up feudal |
| 10:46 | Jello · age_up feudal |
| 10:47 | Danilonco · wall_segment Palisade Wall x7 |
| 10:50 | Jello · first_building Stable |
| 10:50 | ReBeL_PuMa · first_building Archery Range |
| 10:59 | Danilonco · wall_segment Palisade Wall x16 |
| 11:15 | Danilonco · wall_segment Palisade Wall x16 |
| 12:17 | ReBeL_PuMa · wall_segment Palisade Wall x5 |
| 12:23 | Knight_Romero83 · wall_segment Palisade Wall x18 |
| 12:25 | Knight_Romero83 · wall_segment Palisade Wall x13 |
| 12:26 | ReBeL_PuMa · wall_segment Palisade Wall x4 |
| 12:55 | ReBeL_PuMa · wall_segment Palisade Wall x12 |
| 13:01 | ReBeL_PuMa · wall_segment Palisade Wall x12 |
| 13:36 | Knight_Romero83 · wall_segment Palisade Wall x2 |
| 13:41 | Jello · first_building Archery Range |
| 13:58 | Danilonco · first_building Archery Range |
| 14:21 | ReBeL_PuMa · wall_segment Palisade Wall x9 |
| 14:27 | ReBeL_PuMa · wall_segment Palisade Wall x6 |
| 14:29 | Knight_Romero83 · wall_segment Palisade Wall x6 |
| 15:27 | Danilonco · first_market_buy 100 stone |
| 16:10 | Jello · wall_segment Palisade Wall x15 |
| 17:13 | Danilonco · first_market_sell 100 food |
| 17:34 | Danilonco · wall_segment Palisade Wall x1 |
| 18:59 | Knight_Romero83 · first_building Stable |
| 19:02 | Knight_Romero83 · first_building Archery Range |
| 20:50 | ReBeL_PuMa · age_up castle |
| 22:09 | Danilonco · age_up castle |
| 22:54 | Knight_Romero83 · age_up castle |
| 23:03 | ReBeL_PuMa · first_building Monastery |
| 24:19 | ReBeL_PuMa · wall_segment Palisade Wall x1 |
| 26:14 | ReBeL_PuMa · wall_segment Palisade Wall x1 |
| 28:01 | Jello · age_up castle |
| 28:33 | Jello · wall_segment Palisade Wall x9 |
| 28:52 | Jello · first_market_buy 100 wood |
| 28:59 | Jello · first_market_sell 100 food |
| 29:17 | ReBeL_PuMa · first_building Castle |
| 30:53 | Danilonco · first_building Castle |
| 31:43 | Jello · first_building Monastery |
| 32:52 | Knight_Romero83 · wall_segment Stone Wall x5 |
| 34:16 | Jello · wall_segment Palisade Wall x32 |
| 34:34 | Knight_Romero83 · wall_segment Stone Wall x11 |
| 35:45 | Danilonco · first_building Siege Workshop |
| 38:15 | Knight_Romero83 · first_building Castle |
| 38:20 | Danilonco · age_up imperial |
| 43:23 | Knight_Romero83 · age_up imperial |
| 43:24 | Knight_Romero83 · first_building Monastery |
| 43:29 | Knight_Romero83 · wall_segment Stone Wall x9 |
| 43:33 | Knight_Romero83 · wall_segment Stone Wall x2 |
| 44:08 | ReBeL_PuMa · age_up imperial |
| 46:52 | Jello · first_building Castle |
| 47:59 | Jello · wall_segment Stone Wall x5 |
| 49:19 | Jello · age_up imperial |
| 50:10 | ReBeL_PuMa · first_building Siege Workshop |
| 50:42 | Knight_Romero83 · resign |
[ ANÁLISIS IA · 1 CRÉDITO ]
¿Qué pasó realmente en esta partida?
Wolo.gg analiza cada decisión: build order, eco, micro, errores típicos por bracket. Análisis personalizado por WhatsApp o Discord en 30 segundos.
Guía civ
Etíopes
Guía mapa
Arabia
Perfil
Jugador #4198527